cohdb
Replays
Latest Replays
All Replays
Popular Replays
Top Player Replays
Match Explorer
How It Works
Community
CoH3 Stats
Reddit
Sign in to upload your games and track your stats! →
Sign in with Steam
Match 43641251
Unlisted
Match 43641251
Overview
Messages
Build Orders
End
Construct Infanterie Kompanie
Selects Terror Battlegroup
MG 42 Machine Gun Team
Grenadier Squad
GrW 34 Mortar Team
Medical Station
Construct Luftwaffe Kompanie
Selects Interrogate
Selects Machine Gun Camouflage
Flak 30 Anti-aircraft Gun Team
Jäger Squad
Construct Panzer Kompanie
Pioneer Squad
Selects Defend the Fatherland
Selects Propaganda Leaflet Drop
Stoßtruppen Squad
Selects Defend the Fatherland
Defend the Fatherland
Panzer IV Medium Tank
Propaganda Leaflet Drop
Selects V1 Rocket Strike
Panzer IV Medium Tank
Panzer IV Medium Tank
Side Skirts
Jäger Squad
Propaganda Leaflet Drop
Jäger Squad
Selects King Tiger Heavy Tank
King Tiger Heavy Tank
V1 Rocket Strike
Mbuciak
OrdinaryWalnut
robwarrior
imba ☯
0
0
Comments
sign in to comment!
No comments posted yet!